 Dungeon Crawl Stone Soup version 0.31.0-11-ge490571c62 (webtiles) character file.

Game seed: 16155874341816727577

24759 Flugkiller the Geomancer (level 13, 2/65 HPs)
             Began as a Vine Stalker Ice Elementalist on Feb 1, 2024.
             Was an Elder of Sif Muna.
             Quit the game in a volcano.
             The game lasted 00:29:41 (4315 turns).

Flugkiller the Geomancer (VSIE)                     Turns: 4315, Time: 00:29:41

Health: 2/65       AC: 15    Str: 11    XL:     13   Next: 15%
Magic:  0/30       EV: 10    Int: 25    God:    Sif Muna [****..]
Gold:   720        SH:  0    Dex: 21    Spells: 26/36 levels left

rFire   + . .        X - +3 quarterstaff (chaos)
rCold   . . .        (shield currently unavailable)
rNeg    . . .        S - +4 scale mail of Broken Taboos {Will+ Dex+5}
rPois   .            H - +2 hat
rElec   .            F - +1 cloak {Will+}
rCorr   .            T - +0 pair of gloves
SInv    .            (no boots)
Will    +++..        (no amulet)
Stlth   +            c - +6 ring of intelligence
HPRegen 1.10/turn    p - ring of protection from fire
MPRegen 0.22/turn

%: guardian spirit
@: no status effects
A: fangs 3, regeneration 1, magic shield, antimagic bite, no potion heal 2
a: Renounce Religion, Channel Magic, Forget Spell, Divine Exegesis


You were in a volcano.
You worshipped Sif Muna.
Sif Muna was greatly pleased with you.
You visited 3 branches of the dungeon, and saw 16 of its levels.
You also visited: Ice Cave and Volcano.

You collected 976 gold pieces.
You spent 256 gold pieces at shops.

Inventory:

Hand Weapons
 j - a +0 short sword
   (You took it off an orc on level 3 of the Dungeon)
 u - a +3 great sword
   (You took it off a wight on level 7 of the Dungeon)
 A - a +1 war axe of distortion
   (You took it off an orc on level 5 of the Dungeon)
 I - a +5 morningstar
   (You took it off a wight on level 10 of the Dungeon)
 J - a +5 hand axe of freezing
   (You took it off a wight on level 10 of the Dungeon)
 N - a +2 vampiric dagger
   (You took it off an orc wizard on level 11 of the Dungeon)
 X - a +3 quarterstaff of chaos (weapon)
   (You took it off Crazy Yiuf on level 3 of the Dungeon)
Missiles
 w - a curare-tipped dart (quivered)
 D - a throwing net
Armour
 a - a +0 robe
 g - an orb of wrath
   (You found it on level 2 of the Dungeon)
 E - a +0 buckler
   (You took it off a gnoll sergeant on level 7 of the Dungeon)
 F - a +1 cloak of willpower (worn)
   (You bought it in a shop on level 8 of the Dungeon)
 H - a +2 hat (worn)
   (You found it on level 10 of the Dungeon)
 L - a +0 kite shield
   (You took it off a gnoll sergeant on level 11 of the Dungeon)
 S - the +4 scale mail of Broken Taboos (worn) {Will+ Dex+5}
   (You found it on level 2 of the Lair of Beasts)

   Dex+5:     It affects your dexterity (+5).
   Will+:     It increases your willpower.
 T - a +0 pair of gloves (worn)
   (You found it on level 2 of the Lair of Beasts)
Magical Staves
 K - a staff of conjuration
   (You found it on level 10 of the Dungeon)
 Q - a staff of fire
   (You found it on level 11 of the Dungeon)
 W - a staff of air
   (You found it on level 3 of the Lair of Beasts)
Jewellery
 c - a +6 ring of intelligence (left hand)
   (You found it on level 5 of the Dungeon)
 i - a ring of see invisible
   (You found it on level 9 of the Dungeon)
 l - a ring of positive energy
   (You found it on level 5 of the Dungeon)
 p - a ring of protection from fire (right hand)
   (You found it on level 3 of the Lair of Beasts)
 v - a +5 ring of evasion
   (You found it on level 5 of the Dungeon)
Talismans
 y - a dragon-blood talisman
   (You found it on level 7 of the Dungeon)
Wands
 k - a wand of light (15)
   (You found it on level 5 of the Dungeon)
 O - a wand of flame (13)
   (You took it off Lodul on level 11 of the Dungeon)
 P - a wand of mindburst (18)
   (You found it on level 8 of the Dungeon)
 U - a wand of polymorph (1)
   (You found it on level 2 of the Lair of Beasts)
Scrolls
 d - 2 scrolls of immolation
 e - 2 scrolls of fog
 f - a scroll of vulnerability
 m - a scroll of enchant weapon
 o - a scroll of revelation
 t - 2 scrolls of teleportation
 x - 2 scrolls of brand weapon
 C - a scroll of torment
 M - 2 scrolls of fear
Potions
 b - a potion of magic
 h - 6 potions of haste
 n - 2 potions of resistance
 q - 3 potions of curing
 s - a potion of mutation
 B - a potion of brilliance
 G - a potion of enlightenment {unknown}
 R - a potion of heal wounds {unknown}
 V - a potion of ambrosia {unknown}
 Y - 2 potions of berserk rage


   Skills:
 - Level 6.0 Fighting
 - Level 4.0 Dodging
 - Level 2.4 Stealth
 - Level 12.0 Spellcasting
 - Level 1.0 Summonings
 - Level 9.0 Ice Magic
 + Level 12.2 Earth Magic
 - Level 7.0 Invocations
 - Level 4.0 Evocations


You had 26 spell levels left.
You knew the following spells:

 Your Spells              Type           Power      Damage    Failure   Level
a - Freeze                Ice            100%       1d10      1%          1
b - Frozen Ramparts       Ice            100%       1d16      1%          3
c - Ozocubu's Armour      Ice            57%        N/A       1%          3
d - Summon Ice Beast      Ice/Summ       40%        N/A       10%         3

Your spell library contained the following spells:

 Spells                   Type           Power      Damage    Failure   Level
 Foxfire                  Conj/Fire      60%        2x1d7     26%         1
 Slow                     Hex            60%        N/A       26%         1
 Jinxbite                 Hex            30%        N/A       36%         2
 Gell's Gravitas          Tloc           15%        N/A       58%         3
 Teleport Other           Tloc           15%        N/A       58%         3
 Tukima's Dance           Hex            15%        N/A       58%         3
 Martyr's Knell           Necr/Summ      17%        N/A       90%         4
 Dispersal                Tloc           7%         N/A       100%        6
 Plasma Beam              Fire/Air       7%         2x1d18    100%        6
 Starburst                Conj/Fire      7%         6d4       100%        6
 Chain Lightning          Conj/Air       7%         3d10      100%        9
 Fire Storm               Conj/Fire      7%         8d2       100%        9
 Shatter                  Erth           33%        3d27*     100%        9


Dungeon Overview and Level Annotations

Branches:
Dungeon (11/15) Zot: 26475  Temple (1/1) D:6 Zot: 5975    Lair (4/5) D:11 Zot: 22875
  Swamp (0/4) Lair:2        Snake (0/4) Lair:2          Orc (0/2) D:9
  IceCv (visited)         Volcano (1/1) Zot: 5827
  Slime: Lair:4-5

Altars:
Ashenzari
Cheibriados
Elyvilon
Fedhas
Gozag
Hepliaklqana
Kikubaaqudgha
Makhleb
Nemelex Xobeh
Okawaru
Qazlal
Ru
Sif Muna
Uskayaw
Vehumet
Wu Jian
Xom
Zin
The Shining One

Shops:
D:8 *   D:11 ?

Annotations:
Lair:2 swamp, snake


Innate Abilities, Weirdness & Mutations

You have razor-sharp teeth.
Your natural rate of healing is unusually fast.
When hurt, damage is shared between your health and your magic reserves.
Your bite disrupts and absorbs the magic of your enemies.
Potions cannot restore your health.


Message History

You now have 605 gold pieces (gained 14).
You now have 623 gold pieces (gained 18).
Found 58 gold pieces.
The air gets thick with the scent of sulphur.
Your ice beast disappears in a puff of smoke!
You now have 643 gold pieces (gained 20).
In the distance, the volcano erupts with a roar.
You now have 667 gold pieces (gained 24).
You now have 681 gold pieces (gained 14).
You open the door.
Found 39 gold pieces.
There is an open door here.
You now have 691 gold pieces (gained 10).
You now have 707 gold pieces (gained 16).
You now have 720 gold pieces (gained 13).
As you open the door, it creaks loudly!
An alligator skeleton and a skeletal warrior come into view.
The skeletal warrior is wielding a +2 halberd of flaming.
A harpy skeleton comes into view.
The harpy skeleton closely misses you.
The harpy skeleton claws you but does no damage.
The skeletal warrior moves out of view.
The harpy skeleton attacks as it pursues you!
The harpy skeleton barely misses you. The harpy skeleton claws you.
The harpy skeleton claws you but does no damage.
The harpy skeleton completely misses you.
The harpy skeleton attacks as it pursues you!
The harpy skeleton barely misses you. The harpy skeleton closely misses you.
The harpy skeleton completely misses you.
The harpy skeleton closely misses you. The harpy skeleton barely misses you.
The harpy skeleton claws you. The harpy skeleton barely misses you.
The harpy skeleton claws you but does no damage.
There is an open door here.
The harpy skeleton claws you!
The harpy skeleton claws you but does no damage.
The harpy skeleton claws you.
The harpy skeleton claws you but does no damage. x2
The harpy skeleton claws you!
Casting: Summon Ice Beast (dangerous; 10% risk of failure)
Confirm with . or Enter, or press ? or * to list all spells.
A film of ice covers your body!
The harpy skeleton claws you but does no damage. x2
The skeletal warrior hits you from afar with a +2 halberd of flaming!
The skeletal warrior burns you.
The harpy skeleton claws you but does no damage.
The harpy skeleton claws you. The heat melts your icy armour.
Casting: Ozocubu's Armour (safe; 1% risk of failure)
Confirm with . or Enter, or press ? or * to list all spells.
The walls around you are covered in ice.
The harpy skeleton completely resists.
The wall freezes the harpy skeleton but does no damage.
The harpy skeleton claws you but does no damage.
The harpy skeleton closely misses you.
The harpy skeleton resists.
The wall freezes the harpy skeleton.
The harpy skeleton claws you.
The harpy skeleton claws you but does no damage.
The skeletal warrior resists.
The wall freezes the skeletal warrior.
The skeletal warrior hits you from afar with a +2 halberd of flaming!
The skeletal warrior burns you. The heat melts your icy armour.
Casting: Frozen Ramparts (safe; 1% risk of failure)
Confirm with . or Enter, or press ? or * to list all spells.
A chill wind blows around you.
The harpy skeleton resists.
The wall freezes the harpy skeleton.
The harpy skeleton barely misses you.
The harpy skeleton claws you but does no damage.
The harpy skeleton resists.
The wall freezes the harpy skeleton.
The harpy skeleton closely misses you. x2
The wall freezes the skeletal warrior but does no damage.
The skeletal warrior hits you from afar with a +2 halberd of flaming!
* * * LOW HITPOINT WARNING * * *
The skeletal warrior burns you.
* * * LOW HITPOINT WARNING * * *
The harpy skeleton completely resists.
The wall freezes the harpy skeleton but does no damage.
The harpy skeleton barely misses you. The harpy skeleton claws you!
* * * LOW HITPOINT WARNING * * *
The heat melts your icy armour.
Okay, then.
Unknown command.
Unknown command.
Unknown command.
Okay, then.
Okay, then.
Unknown command.
Unknown command.
Blink to where?
Press: ? - help, Dir - move target Your icy armour cracks and falls away as you move.
The frozen ramparts melt away as you move.
As you read the scroll of blinking, it crumbles to dust.
The harpy skeleton claws you but does no damage.
The harpy skeleton claws you.
* * * LOW HITPOINT WARNING * * *
Unknown command.
Unknown command.
Okay, then.
Unknown command.
Okay, then.
Are you sure you want to abandon this character and quit the game? (Confirm with "yes".)

..........##.#......
#.#..#.###.≈......≈
#.....)).......≈≈§§
#####.#..#.###.≈.....≈§
.............##.#...≈§≈
##......######..≈≈≈§
##.##.## ##≈≈≈§≈ #.##.#
##≈≈≈§
###########@##.###
##§§≈
#...#...#§Z.##...# ##≈
#...'...#zY.##...#
#.Z.'...##...#
##############


You could see a skeletal warrior, a harpy skeleton (ally target) and a friendly
ice beast (summoned).

Vanquished Creatures
  2 two-headed ogres
  4 death yaks (D:11)
  A skyshark (Lair:2)
  Lodul (D:11)
  An anaconda skeleton (Volcano)
  An alligator skeleton (Volcano)
  2 elephants (Lair:4)
  A black mamba (Lair:2)
  3 cane toads
  2 gargoyles (Volcano)
  A rime drake (Lair:2)
  4 komodo dragons
  A troll (D:11)
  A hornet (D:8)
  6 blink frogs
  A harpy skeleton (Volcano)
  2 wyverns
  21 yaks
  A steam dragon (D:9)
  Grum (D:11)
  A naga (Lair:2)
  2 swamp worms
  6 water moccasins
  3 orc warriors
  A sky beast (D:7)
  A black bear (D:6)
  A laughing skull (Volcano)
  8 ogres (D:11)
  6 wolves
  A crocodile (D:8)
  3 centaurs
  A weeping skull (Volcano)
  3 kobold brigands (D:7)
  3 gnoll sergeants
  7 bullfrogs
  2 scorpions
  8 wights
  4 killer bees (D:11)
  2 spriggan skeletons (Volcano)
  3 orc priests
  An iron imp (D:6)
  A jelly (D:5)
  4 iguanas
  A hell rat (D:11)
  7 orc wizards
  A naga skeleton (Volcano)
  12 gnolls
  3 adders
  A shadow imp (D:8)
  A white imp (D:5)
  4 ufetubi
  A dart slug (D:1)
  25 orcs
  2 ball pythons (D:4)
  2 bats (D:2)
  2 giant cockroaches
  A hobgoblin (D:3)
  6 kobolds
  6 quokkas
  A frilled lizard (D:3)
  3 goblins
  6 rats
214 creatures vanquished.

Vanquished Creatures (collateral kills)
  2 hydras
  A manticore (D:11)
  An elephant (Lair:4)
  A black mamba (Lair:2)
  2 cane toads
  A rime drake (Lair:3)
  A tyrant leech (Lair:2)
  2 blink frogs
  4 yaks
  A naga (Lair:2)
  An acid dragon (D:11)
  7 water moccasins
  A sky beast (D:7)
  2 black bears
  2 ogres
  A phantom (D:6)
  A gnoll sergeant (D:9)
  A scorpion (D:7)
  A wight (D:7)
  A howler monkey (D:6)
  A hound (D:6)
  2 orc priests
  Crazy Yiuf (D:3)
  2 orc wizards
  3 gnolls
  An adder (D:5)
  A white imp (D:7)
  An ufetubus (D:5)
  7 orcs
  2 kobolds (D:7)
  A rat (D:11)
56 creatures vanquished.

Grand Total: 270 creatures vanquished

Notes
Turn   | Place    | Note
-------+----------+-------------------------------------------
     0 | D:1      | Flugkiller the Vine Stalker Ice Elementalist began the
                  | quest for the Orb.
     0 | D:1      | Reached XP level 1. HP: 9/9 MP: 4/4
    75 | D:2      | Reached XP level 2. HP: 13/13 MP: 2/6
   266 | D:4      | Reached XP level 3. HP: 16/16 MP: 4/8
   270 | D:4      | Learned a level 3 spell: Frozen Ramparts
   361 | D:4      | Learned a level 3 spell: Summon Ice Beast
   384 | D:5      | Entered Level 5 of the Dungeon
   454 | D:5      | Reached XP level 4. HP: 21/21 MP: 5/10
   474 | D:5      | Reached skill level 5 in Ice Magic
   538 | D:5      | Reached XP level 5. HP: 24/24 MP: 0/11
   728 | D:3      | Found a runed translucent door.
   729 | D:3      | Noticed Crazy Yiuf
   736 | D:3      | Killed Crazy Yiuf
   850 | D:5      | Noticed a phantom
   884 | D:5      | Reached XP level 6. HP: 28/28 MP: 7/14
   903 | D:5      | Learned a level 3 spell: Ozocubu's Armour
   912 | D:5      | Got the Book of Execration and Gloom
   959 | D:5      | Reached skill level 5 in Spellcasting
   985 | D:6      | Found a sparkling altar of Nemelex Xobeh.
  1027 | D:6      | Noticed a black bear
  1044 | D:6      | Killed a black bear
  1045 | D:6      | Reached XP level 7. HP: 23/32 MP: 16/16
  1123 | D:6      | Found a radiant altar of Vehumet.
  1220 | D:7      | Gained mutation: You have razor-sharp teeth. [Vine Stalker
                  | growth]
  1220 | D:7      | Reached XP level 8. HP: 28/36 MP: 3/19
  1387 | D:7      | Reached XP level 9. HP: 39/39 MP: 4/22
  1403 | D:7      | Reached skill level 1 in Fighting
  1700 | D:8      | Found an ornate altar of the Wu Jian Council.
  1700 | D:8      | Found a glowing golden altar of the Shining One.
  1824 | D:6      | Found a staircase to the Ecumenical Temple.
  1834 | Temple   | Entered the Ecumenical Temple
  1846 | Temple   | Became a worshipper of Sif Muna the Loreminder
  1967 | D:8      | Found a stormy altar of Qazlal.
  2008 | D:8      | Found Boaman's General Store.
  2026 | D:8      | Noticed a hornet
  2032 | D:8      | Killed a hornet
  2033 | D:8      | Reached skill level 1 in Summonings
  2052 | D:8      | Bought a +1 cloak of willpower for 181 gold pieces
  2188 | D:9      | Reached skill level 1 in Invocations
  2193 | D:9      | Reached * piety under Sif Muna
  2213 | D:9      | Reached XP level 10. HP: 33/51 MP: 2/23
  2240 | D:9      | Found a staircase to the Orcish Mines.
  2272 | D:10     | Entered Level 10 of the Dungeon
  2288 | D:9      | Noticed a two-headed ogre
  2309 | D:9      | Killed a two-headed ogre
  2310 | D:9      | Reached skill level 1 in Evocations
  2332 | D:9      | HP: 1/51 [something/ball of steam (12)]
  2371 | D:9      | Reached skill level 5 in Fighting
  2619 | D:11     | Noticed a manticore
  2631 | D:11     | Killed a manticore
  2655 | D:11     | Found Etoketua's Magic Scroll Shop.
  2665 | D:11     | Noticed a two-headed ogre
  2669 | D:11     | Bought a scroll of blinking for 75 gold pieces
  2682 | D:11     | Killed a two-headed ogre
  2770 | D:11     | Found a frozen archway.
  2793 | D:10     | Reached ** piety under Sif Muna
  2860 | IceCv    | Entered an ice cave
  2883 | D:11     | Noticed a death yak
  2883 | D:11     | Noticed a death yak
  2915 | D:11     | Noticed a death yak
  2920 | D:11     | Killed a death yak
  2920 | D:11     | Killed a death yak
  2921 | D:11     | Reached skill level 10 in Spellcasting
  2921 | D:11     | Reached skill level 5 in Invocations
  2921 | D:11     | Reached XP level 11. HP: 56/56 MP: 18/26
  2928 | D:11     | Killed a death yak
  2928 | D:11     | Killed a death yak
  2966 | D:11     | Reached skill level 1 in Earth Magic
  2969 | D:11     | Noticed Grum
  2984 | D:11     | Killed Grum
  2990 | D:11     | Noticed Lodul
  3006 | D:11     | Killed Lodul
  3067 | D:11     | Found a staircase to the Lair.
  3075 | Lair:1   | Entered Level 1 of the Lair of Beasts
  3105 | Lair:1   | Reached *** piety under Sif Muna
  3231 | Lair:2   | Identified the +4 scale mail of Broken Taboos {Will+ Dex+5}
  3250 | Lair:2   | Noticed a skyshark
  3261 | Lair:2   | Killed a skyshark
  3272 | Lair:2   | Noticed an eight-headed hydra
  3280 | Lair:2   | Killed an eight-headed hydra
  3281 | Lair:2   | Reached skill level 5 in Earth Magic
  3355 | Lair:2   | Reached XP level 12. HP: 61/61 MP: 18/28
  3388 | Lair:2   | Found a staircase to the Snake Pit.
  3491 | Lair:2   | Reached **** piety under Sif Muna
  3548 | Lair:3   | Noticed a death yak
  3548 | Lair:3   | Noticed a death yak
  3548 | Lair:3   | Noticed a death yak
  3549 | Lair:3   | Noticed a death yak
  3607 | Lair:2   | Found a staircase to the Swamp.
  3896 | Lair:4   | Noticed a six-headed hydra
  3902 | Lair:4   | Killed a six-headed hydra
  3903 | Lair:4   | Reached skill level 10 in Earth Magic
  4095 | Lair:4   | Found a dark tunnel.
  4105 | Lair:4   | Reached XP level 13. HP: 65/65 MP: 28/30
  4154 | Volcano  | Entered a volcano
  4313 | Volcano  | HP: 3/65 [harpy skeleton (7)]
  4315 | Volcano  | Quit the game

Illustrated notes

Levels and vault maps discovered:
D:1:      matt_arrival_refuge, layout_rooms, minmay_vboxes
D:2:      layout_basic, hellmonk_ecumenical_altar_lost_god
D:3:      layout_loops_ring, yredelemnul_forgotten_temple_becter, minivault_14,
          st_stairs_7, dk_noncrumbling_4, uniq_crazy_yiuf_cottage
D:4:      layout_basic, serial_co_window_serial, co_window_paths_a,
          co_window_paths_b, co_window_paths_b, co_window_corner_a,
          co_window_corner_a, co_window_of_opportunity_b, co_window_corner_b,
          co_window_corner_b, co_window_2corner, glass_columns_a,
          glass_columns_a, glass_columns_c
D:5:      layout_rooms
D:6:      layout_gridville, kennysheep_mini, nemelex_xobeh_ov_fountains_minmay,
          temple_fountains
D:7:      layout_basic, minmay_fractal_squares_diagonal_5
D:8:      layout_basic, mainiacjoe_overflow_24_doors,
          amethyst_overflow_temple_binary,
          chequers_temple_overflow_statue_of_worship, serial_shops,
          shop_fountains
D:9:      layout_loops_cross, hiddenorc1_lemuel,
          serial_library_hellmonk_angled_corner, uniq_amaemon
D:10:     layout_loops_corners, uniq_erica
D:11:     layout_small_grid, dpeg_lair_monsters,
          portal_ice_cave_entry_pillars_2, serial_shops, shop, uniq_lodul,
          uniq_grum
Temple:   nicolae_temple_great_sept
Lair:1:   layout_cave_pods, beast_lair_carwin_2, grunt_megastairs_3,
          uniq_gastronok
Lair:2:   layout_long_grid, minmay_swamp_entry_worms,
          alex1729_snake_entry_snake, grunt_megastairs_5
Lair:3:   layout_loops_ring, nicolae_quartered_pool_medium, minmay_holes
Lair:4:   layout_gridlike, enter_volcano_1, gammafunk_ghost_grave
Volcano:  volcano_tomb [vts_chambers]

Skill      XL: |  1  2  3  4  5  6  7  8  9 10 11 12 13 |
---------------+----------------------------------------+-----
Spellcasting   | 3 4 5 6 8 10 11 12 | 12.0
Ice Magic      | 5 6 7 8 9 |  9.0
Fighting       | 4 6 |  6.0
Dodging        | 4 |  4.0
Summonings     | 1 |  1.0
Invocations    | 1 5 7 |  7.0
Evocations     | 4 |  4.0
Earth Magic    | 5 11 12 | 12.2
Stealth        | |  2.4

Action                     |  1- 3 |  4- 6 |  7- 9 | 10-12 | 13-15 || total
---------------------------+-------+-------+-------+-------+-------++-------
  Melee: Unarmed           |     6 |       |       |       |       ||     6
         Bite              |     3 |    17 |    26 |    85 |    24 ||   155
         Short sword       |     7 |    36 |       |       |       ||    43
         Quarterstaff      |       |    28 |    72 |   185 |    46 ||   331
  Throw: Dart              |       |       |       |     2 |       ||     2
   Cast: Freeze            |    31 |     7 |     4 |    18 |       ||    60
         Frozen Ramparts   |       |    10 |    18 |    32 |     5 ||    65
         Summon Ice Beast  |       |     3 |    22 |    46 |     4 ||    75
         Ozocubu's Armour  |       |     1 |     6 |    21 |     4 ||    32
 Invoke: Channel Magic     |       |       |       |     1 |       ||     1
  Evoke: Wand              |       |       |     3 |    19 |       ||    22
    Use: Scroll            |     5 |     3 |     5 |     3 |     3 ||    19
   Stab: Distracted        |       |       |     1 |     2 |       ||     3
         Petrified         |       |       |       |     2 |       ||     2
         Paralysed         |       |       |       |     1 |       ||     1
         Confused          |       |       |       |       |     1 ||     1
 Armour: Robe              |    14 |    56 |    48 |    78 |       ||   196
         Scale mail        |       |       |       |   139 |    84 ||   223
  Dodge: Dodged            |    21 |    75 |    80 |   247 |    45 ||   468
